 Dungeon Crawl Stone Soup version 0.32-a0-933-ga8fa3634e4 (webtiles) character file.

Game seed: 15976882679446205946

145728 Autsider the Severer (level 16, -4/155 HPs)
             Began as a Minotaur Fighter on Apr 14, 2024.
             Was the Champion of Okawaru.
             Slain by a +1 glaive of venom (21 damage)
             ... on level 2 of the Elven Halls on Apr 15, 2024.
             The game lasted 01:04:51 (24589 turns).

Autsider the Severer (Minotaur Fighter)            Turns: 24589, Time: 01:04:51

Health: -4/155     AC: 35    Str: 23    XL:     16   Next: 88%
Magic:  0/22       EV:  5    Int:  9    God:    Okawaru [******]
Gold:   2365       SH: 14    Dex: 12    Spells: 15/15 levels left

rFire   + . .        Q - +7 broad axe (flame)
rCold   + . .        B - +1 kite shield {rC+ rF+}
rNeg    . . .        a - +7 crystal plate armour of Ozakhiy {Regen+}
rPois   .            (helmet restricted)
rElec   +            U - scarf {repulsion}
rCorr   .            h - +0 pair of gloves
SInv    .            N - +0 pair of boots "Zacehoje" {+Blink rElec Str-4 Int+4}
Will    ++...        X - amulet of guardian spirit Stlth
                     O - +4 ring of slaying
HPRegen 1.25/turn    D - ring of willpower
MPRegen 0.18/turn

%: repel missiles, guardian spirit
@: lethally poisoned (-4 -> -9), very slow
A: horns 2, retaliatory headbutt
a: Renounce Religion, Evoke Blink, Heroism, Finesse, Duel


You were on level 2 of the Elven Halls.
You worshipped Okawaru.
Okawaru was exalted by your worship.
You visited 5 branches of the dungeon, and saw 25 of its levels.
You visited the Abyss 1 time.
You also visited: Sewer and Gauntlet.

You collected 2365 gold pieces.

Inventory:

Hand Weapons
 Q - a +7 broad axe of flaming (weapon)
Missiles
 c - 9 atropa-tipped darts
 o - 23 javelins (quivered)
 u - 5 darts of dispersal
 x - 21 boomerangs
 y - 3 silver javelins
 K - 8 curare-tipped darts
 V - 5 datura-tipped darts
Armour
 a - the +7 crystal plate armour of Ozakhiy (worn) {Regen+}
   (Okawaru gifted it to you in a Gauntlet)

   Regen+:    It increases your rate of health regeneration.
 h - a +0 pair of gloves (worn)
 s - the +0 plate armour of Lethargy {Regen+ rCorr Str+7 Dex-2}
   (You found it on level 1 of the Lair of Beasts)

   Str+7:     It affects your strength (+7).
   Dex-2:     It affects your dexterity (-2).
   Regen+:    It increases your rate of health regeneration.
   rCorr:     It protects you from acid and corrosion.
 w - the +3 ring mail "Menos" {Harm rPois}
   (You found it on level 3 of the Dungeon)

   rPois:     It protects you from poison.
   Harm:      It increases damage dealt and taken.
 B - a +1 kite shield of resistance (worn)
 L - the +8 chain mail of the Sharp God {rPois rC+}
   (You found it on level 13 of the Dungeon)

   rC+:       It protects you from cold.
   rPois:     It protects you from poison.
 N - the +0 pair of boots "Zacehoje" (worn) {+Blink rElec Str-4 Int+4}
   (You found it in a Gauntlet)

   Str-4:     It affects your strength (-4).
   Int+4:     It affects your intelligence (+4).
   rElec:     It insulates you from electricity.
   +Blink:    It lets you blink.
 R - the +5 ring mail of the Bruised Souls {rN+ Will+ Int-4}
   (You took it off a minotaur in a Gauntlet)

   Int-4:     It affects your intelligence (-4).
   rN+:       It protects you from negative energy.
   Will+:     It increases your willpower.
 U - a scarf of repulsion (worn)
Jewellery
 m - a +6 ring of strength
 t - a ring of resist corrosion
 D - a ring of willpower (right hand)
 I - a ring of flight
 J - a ring of protection from fire
 O - a +4 ring of slaying (left hand)
 X - an amulet of guardian spirit (around neck)
 Z - a ring of protection from cold
Wands
 b - a wand of mindburst (34)
 n - a wand of digging (2)
 p - a wand of acid (6)
 H - a wand of polymorph (1)
 Y - a wand of iceblast (11)
Scrolls
 f - 5 scrolls of fog
 k - 5 scrolls of immolation
 q - 2 scrolls of brand weapon
 r - 14 scrolls of teleportation {@r2}
 z - 2 scrolls of revelation
 A - 6 scrolls of fear
 F - 2 scrolls of silence
 G - 4 scrolls of enchant armour
 M - 5 scrolls of identify {@r1}
 S - 5 scrolls of vulnerability
 W - a scroll of acquirement
Potions
 d - 4 potions of might
 e - 4 potions of heal wounds {@q2}
 g - 6 potions of ambrosia
 i - 6 potions of curing {@q1}
 j - 4 potions of enlightenment
 l - 5 potions of haste
 v - 2 potions of berserk rage
 C - 3 potions of cancellation
 E - 5 potions of lignification
 P - 3 potions of invisibility


   Skills:
 + Level 17.0 Fighting
 - Level 18.0 Axes
 + Level 6.3 Throwing
 + Level 16.8 Armour
 + Level 3.9 Dodging
 + Level 16.7 Shields
 + Level 10.6 Invocations
 + Level 3.1 Evocations


You had 15 spell levels left.
You didn't know any spells.
Your spell library contained the following spells:

 Spells                   Type           Power      Damage    Failure   Level
 Apportation              Tloc           0%         N/A       100%        1
 Freeze                   Ice            0%         1d3       100%        1
 Kiss of Death            Conj/Necr      0%         2d5       100%        1
 Necrotise                Necr           0%         1d4       100%        1
 Shock                    Conj/Air       0%         1d3       100%        1
 Slow                     Hex            0%         N/A       100%        1
 Sting                    Conj/Alch      0%         1d3       100%        1
 Blink                    Tloc           0%         N/A       100%        2
 Jinxbite                 Hex            0%         N/A       100%        2
 Lesser Beckoning         Tloc           0%         N/A       100%        2
 Mercury Vapours          Alch/Air       0%         N/A       100%        2
 Momentum Strike          Conj/Tloc      0%         3d8       100%        2
 Sublimation of Blood     Necr           0%         N/A       100%        2
 Confusing Touch          Hex            0%         N/A       100%        3
 Dazzling Flash           Conj/Hex       0%         N/A       100%        3
 Frozen Ramparts          Ice            0%         1d1       100%        3
 Hailstorm                Conj/Ice       0%         3d5       100%        3
 Mephitic Cloud           Conj/Alch/Air  0%         N/A       100%        3
 Ozocubu's Armour         Ice            0%         N/A       100%        3
 Stone Arrow              Conj/Erth      0%         3d7       100%        3
 Swiftness                Air            0%         N/A       100%        3
 Teleport Other           Tloc           0%         N/A       100%        3
 Vampiric Draining        Necr           0%         2d6       100%        3
 Volatile Blastmotes      Fire/Tloc      0%         2d10      100%        3
 Airstrike                Air            0%         2d(0-16)  100%        4
 Brom's Barrelling Bould  Conj/Erth      0%         2d3       100%        4
 Dispel Undead            Necr           0%         3d6       100%        4
 Leda's Liquefaction      Alch/Erth      0%         N/A       100%        4
 Olgreb's Toxic Radiance  Alch           0%         N/A       100%        4
 Petrify                  Alch/Erth      0%         N/A       100%        4
 Alistair's Intoxication  Alch           0%         N/A       100%        5
 Curse of Agony           Necr           0%         N/A       100%        5
 Fireball                 Conj/Fire      0%         3d3       100%        5
 Iskenderun's Battlesphe  Conj           0%         2d6       100%        5
 Metabolic Englaciation   Hex/Ice        0%         N/A       100%        5
 Silence                  Hex/Air        0%         N/A       100%        5
 Conjure Ball Lightning   Conj/Air       0%         3x3d6     100%        6
 Dispersal                Tloc           0%         N/A       100%        6
 Gell's Gavotte           Tloc           0%         2d(11-16) 100%        6
 Orb of Destruction       Conj           0%         9d5       100%        7
 Ozocubu's Refrigeration  Ice            0%         4d7       100%        7
 Discord                  Hex            0%         N/A       100%        8
 Disjunction              Tloc           0%         N/A       100%        8
 Lehudib's Crystal Spear  Conj/Erth      0%         10d2      100%        8
 Summon Small Mammal      Summ           Unusable   N/A       N/A         1
 Call Imp                 Summ           Unusable   N/A       N/A         2
 Animate Armour           Summ/Erth      Unusable   N/A       N/A         4
 Summon Forest            Summ/Tloc      Unusable   N/A       N/A         5
 Summon Hydra             Summ           Unusable   N/A       N/A         7

Dungeon Overview and Level Annotations

Branches:
Dungeon (15/15)            Temple (1/1) D:5            Lair (5/5) D:9
  Swamp (0/4) Lair:3        Snake (0/4) Lair:3        Slime (0/5) Lair:5
    Orc (2/2) D:12            Elf (2/3) Orc:2        Vaults (0/5) D:13
 Depths (0/4) D:15          Sewer (visited)         Gauntlet (visited)

Altars:
Ashenzari
Cheibriados
Dithmenos
Elyvilon
Fedhas
Gozag
Hepliaklqana
Kikubaaqudgha
Makhleb
Nemelex Xobeh
Okawaru
Qazlal
Ru
Sif Muna
Trog
Uskayaw
Vehumet
Wu Jian
Xom
Yredelemnul
Zin
The Shining One
Beogh
Jiyva
Lugonu

Shops:
Orc:2 [*!   Elf:1 =

Annotations:
Lair:3 exclusion: orange crystal statue


Innate Abilities, Weirdness & Mutations

You have a pair of horns on your head.
You reflexively headbutt those who attack you in melee.


Message History

You block the +1 glaive of venom's attack.
You block the deep elf knight's attack.
You hear a shout!
You closely miss the +1 glaive of venom.
You headbutt the +1 glaive of venom.
The +1 glaive of venom is lightly damaged.
You slice the deep elf knight!! You burn the deep elf knight.
You feel very sick.
The deep elf knight gestures wildly while chanting.
The deep elf knight flickers and vanishes!
Deactivating autopickup; reactivate with Ctrl-A.
The +1 glaive of venom closely misses you.
You block the deep elf knight's attack.
Your unstable footing causes you to fumble your attack.
You feel very sick.
The +1 glaive of venom completely misses you.
A deep elf pyromancer comes into view. It is wielding a +0 short sword.
An arrow appears from out of thin air!
The arrow hits you but does no damage.
You block the deep elf zephyrmancer's attack.
You miss the +1 glaive of venom.
The +1 glaive of venom is lightly damaged.
You slash the deep elf knight! You burn the deep elf knight.
You hit the deep elf zephyrmancer. You burn the deep elf zephyrmancer.
You feel very sick.
A +2 heavy broad axe comes into view.
You block the deep elf knight's attack.
The +1 glaive of venom hits you but does no damage.
You are more poisoned.
You block the deep elf zephyrmancer's attack.
An arrow appears from out of thin air!
The arrow hits you but does no damage.
You hit the +1 glaive of venom but do no damage.
The +1 glaive of venom is lightly damaged.
You hit the deep elf knight but do no damage.
You slash the deep elf zephyrmancer! You burn the deep elf zephyrmancer.
You feel very sick.
A +3 vampiric lajatang comes into view.
The deep elf knight hits you with a +0 short sword!
* * * LOW HITPOINT WARNING * * *
The +1 glaive of venom hits you!!
You die...

## ## ### #### #.#
##.####.####...##
...##...##...##.....###
........(...e)~~e......
......e....#.)(@(......
..........###)))e......
.........## ##.........
.......e..## ..........
...........#...........
.......................
..........(.....{......
....................#.#
................


You could see a deep elf knight, a deep elf pyromancer, a deep elf zephyrmancer
and 3 dancing weapons.

Vanquished Creatures
  Norris (Elf:2)
  A deep elf blademaster (Elf:2)
  Kirke (Lair:3)
  2 deep elf sorcerers
  The ghost of Peaxtag the Protected, a journeyman AtMo of Yredelemnul (Lair:4)
  A stone giant (D:15)
  Nessos (Lair:4)
  A deep elf death mage (Elf:2)
  A minotaur (Gauntlet)
  A deep elf annihilator (Elf:1)
  A deep elf demonologist (Elf:2)
  Snorg (D:11)
  Josephine (D:13)
  A fire dragon (Lair:5)
  Fannar (Orc:1)
  A deep elf high priest (Elf:2)
  An ogre mage (D:15)
  4 boulder beetles
  4 hydras
  Erica (Lair:2)
  9 two-headed ogres
  22 dancing weapons
  A death knight (D:15)
  5 centaur warriors
  A catoblepas (Lair:3)
  5 tengu warriors
  4 death yaks (Lair:3)
  3 orc high priests
  Nergalle (D:11)
  20 deep elf knights
  4 skysharks
  9 skeletal warriors (D:15)
  7 deep elf archers
  A spatial maelstrom (Abyss:3)
  4 slime creatures
  Pikel (D:7)
  A lindwurm (Lair:5)
  3 orc knights
  13 deep elf pyromancers
  A harpy (shapeshifter) (D:15)
  7 orc sorcerers
  2 obsidian bats
  13 deep elf zephyrmancers
  12 ugly things
  5 cyclopes
  A manticore (D:13)
  11 elephants (Lair:5)
  An orange demon (Abyss:3)
  2 black mambas
  4 meliai
  A smoke demon (Gauntlet)
  2 molten gargoyles (Lair:5)
  3 gargoyles
  An unseen horror (shapeshifter) (Elf:1)
  3 large abominations (Gauntlet)
  3 kobold demonologists
  5 cane toads
  Maggie (D:7)
  2 rime drakes
  2 tengu conjurers
  An efreet (D:15)
  5 yaktaurs (D:15)
  3 freezing wraiths (D:15)
  A red devil (Gauntlet)
  11 komodo dragons
  6 trolls
  A polar bear (Lair:5)
  A queen bee (Lair:4)
  A raiju (shapeshifter) (D:15)
  A hornet (Lair:4)
  18 blink frogs
  2 water elementals
  Sigmund (D:4)
  3 air elementals (Elf:1)
  4 fire bats (Lair:2)
  5 wraiths
  2 fire elementals
  4 hogs (Lair:3)
  3 shadows
  49 yaks
  A human (Lair:3)
  5 basilisks
  A warg (Orc:1)
  11 wyverns
  3 steam dragons
  A neqoxec (Gauntlet)
  Menkaure (D:7)
  3 small abominations (Gauntlet)
  3 chaos spawn (Gauntlet)
  4 nagas (Lair:3)
  2 acid dragons
  3 swamp worms (Lair:3)
  4 hell hounds (Lair:5)
  14 water moccasins
  23 orc warriors
  A black bear (D:8)
  A sky beast (D:5)
  An ice beast (D:7)
  6 ogres
  6 centaurs
  A phantom (D:5)
  4 lemures (D:7)
  6 kobold brigands
  A gnoll sergeant (D:8)
  A scorpion (D:4)
  9 bullfrogs
  An earth elemental (Elf:1)
  3 wights (D:9)
  16 killer bees
  4 howler monkeys
  5 electric eels
  4 lava snakes (Lair:5)
  3 crimson imps (Gauntlet)
  4 hounds
  2 jellies
  A bombardier beetle (D:6)
  18 orc priests
  A gnoll bouda (D:4)
  A sleepcap (D:5)
  4 iguanas
  55 orc wizards
  7 hell rats (Lair:3)
  9 gnolls
  7 adders
  7 river rats
  A shadow imp (D:5)
  2 ufetubi (D:5)
  2 dart slugs
  8 ribbon worms
  73 orcs
  10 ball pythons
  5 bats
  12 endoplasms
  4 giant cockroaches
  9 goblins
  15 hobgoblins
  3 jackals (Sewer)
  27 kobolds
  7 quokkas
  6 frilled lizards
  4 rats
801 creatures vanquished.

Vanquished Creatures (others)
  2 deep elf knights
  2 deep elf zephyrmancers (Elf:2)
4 creatures vanquished.

Grand Total: 805 creatures vanquished

Notes
Turn   | Place    | Note
-------+----------+-------------------------------------------
     0 | D:1      | Autsider the Minotaur Fighter began the quest for the Orb.
     0 | D:1      | Reached XP level 1. HP: 19/19 MP: 0/0
     1 | D:1      | Found a shadowy altar of Dithmenos.
   439 | D:1      | Found a faded altar of an unknown god.
   453 | D:1      | Reached XP level 2. HP: 27/27 MP: 1/1
   580 | D:1      | Reached skill level 3 in Axes
   938 | D:2      | Reached XP level 3. HP: 28/33 MP: 2/2
  1202 | D:2      | Reached XP level 4. HP: 35/40 MP: 3/3
  1493 | D:2      | Found a blossoming altar of Fedhas.
  2045 | D:3      | Found a snail-covered altar of Cheibriados.
  2157 | D:3      | Reached skill level 4 in Axes
  2313 | D:3      | Found a sacrificial altar of Ru.
  2342 | D:3      | Identified the +3 ring mail "Menos" {Harm rPois}
  2473 | D:3      | Found a sparkling altar of Nemelex Xobeh.
  2473 | D:3      | Found an opulent altar of Gozag.
  2609 | D:3      | Found a hazy altar of Hepliaklqana.
  2699 | D:4      | Noticed a scorpion
  2705 | D:4      | Killed a scorpion
  2706 | D:4      | Reached XP level 5. HP: 34/47 MP: 4/4
  2835 | D:4      | Noticed Sigmund
  2839 | D:4      | Killed Sigmund
  2840 | D:4      | Reached skill level 5 in Fighting
  2840 | D:4      | Reached skill level 5 in Axes
  2840 | D:4      | Reached skill level 5 in Armour
  2840 | D:4      | Reached skill level 5 in Shields
  2840 | D:4      | Reached XP level 6. HP: 56/56 MP: 5/5
  2867 | D:4      | Noticed a water moccasin
  2872 | D:4      | Killed a water moccasin
  2930 | D:4      | Reached skill level 6 in Axes
  2958 | D:4      | Found a glowing drain.
  2962 | Sewer    | Entered a sewer
  2973 | Sewer    | Reached XP level 7. HP: 61/61 MP: 6/6
  3922 | D:5      | Entered Level 5 of the Dungeon
  3955 | D:5      | Found a staircase to the Ecumenical Temple.
  3980 | Temple   | Entered the Ecumenical Temple
  4005 | Temple   | Became a worshipper of Warmaster Okawaru
  4236 | D:5      | Reached skill level 7 in Axes
  4473 | D:5      | Reached * piety under Okawaru
  4474 | D:5      | Reached XP level 8. HP: 52/70 MP: 7/7
  5027 | D:6      | Reached skill level 8 in Axes
  5602 | D:7      | Reached ** piety under Okawaru
  5687 | D:7      | Noticed Maggie
  5700 | D:7      | Killed Maggie
  5701 | D:7      | Reached skill level 9 in Axes
  5701 | D:7      | Reached XP level 9. HP: 55/79 MP: 8/8
  5807 | D:7      | Found a shadowy altar of Dithmenos.
  6114 | D:7      | Noticed Menkaure
  6121 | D:7      | Killed Menkaure
  6121 | D:7      | Reached *** piety under Okawaru
  6122 | D:7      | Reached skill level 10 in Axes
  6172 | D:7      | Noticed Pikel
  6189 | D:7      | Killed Pikel
  6523 | D:9      | Reached skill level 11 in Axes
  6749 | D:8      | Reached XP level 10. HP: 59/90 MP: 9/9
  6857 | D:8      | Reached **** piety under Okawaru
  7625 | D:9      | Found a staircase to the Lair.
  7632 | D:9      | Reached skill level 12 in Axes
  7980 | D:10     | Entered Level 10 of the Dungeon
  8228 | D:10     | Reached ***** piety under Okawaru
  8229 | D:10     | Reached skill level 1 in Throwing
  8234 | D:10     | Reached skill level 1 in Invocations
  8291 | D:10     | Noticed a two-headed ogre
  8292 | D:10     | Noticed a two-headed ogre
  8299 | D:10     | Killed a two-headed ogre
  8307 | D:10     | Killed a two-headed ogre
  8308 | D:10     | Reached XP level 11. HP: 8/99 MP: 11/11
  8940 | D:11     | Noticed a boulder beetle
  8960 | D:11     | Killed a boulder beetle
  8961 | D:11     | Reached skill level 13 in Axes
  9413 | D:11     | Noticed a two-headed ogre
  9422 | D:11     | Killed a two-headed ogre
  9423 | D:11     | Reached skill level 10 in Fighting
  9598 | D:11     | Reached skill level 10 in Armour
  9598 | D:11     | Reached skill level 10 in Shields
  9788 | D:11     | Noticed Nergalle
  9799 | D:11     | Killed Nergalle
  9799 | D:11     | Received a gift from Okawaru
  9814 | D:11     | Noticed a two-headed ogre
  9827 | D:11     | Killed a two-headed ogre
 10181 | D:11     | Noticed a boulder beetle
 10213 | D:11     | Killed a boulder beetle
 10558 | D:11     | Noticed Snorg
 10570 | D:11     | Killed Snorg
 10856 | D:12     | Noticed a deep elf pyromancer
 11268 | Lair:1   | Entered Level 1 of the Lair of Beasts
 11280 | Lair:1   | Received a gift from Okawaru
 11281 | Lair:1   | Reached skill level 14 in Axes
 11291 | Lair:1   | Reached ****** piety under Okawaru
 11569 | Lair:1   | Reached XP level 12. HP: 79/108 MP: 14/14
 11657 | Lair:1   | Identified the +0 plate armour of Lethargy {Regen+ rCorr
                  | Str+7 Dex-2}
 12623 | Lair:2   | Found a gate leading to a gauntlet.
 12656 | Gauntlet | Entered a Gauntlet
 12656 | Gauntlet | Found a transporter.
 12663 | Gauntlet | Found a transporter.
 12665 | Gauntlet | Found a transporter.
 12674 | Gauntlet | Noticed a death scarab
 12676 | Gauntlet | Found a transporter.
 12679 | Gauntlet | Found a transporter.
 12695 | Gauntlet | Found a transporter.
 12701 | Gauntlet | Noticed a blizzard demon
 12702 | Gauntlet | Found a runed translucent door.
 12703 | Gauntlet | Found a transporter.
 12704 | Gauntlet | Found a runed translucent door.
 12714 | Gauntlet | Found a transporter.
 12724 | Gauntlet | Found a transporter.
 12729 | Gauntlet | Found a transporter.
 12757 | Gauntlet | Found a transporter.
 12757 | Gauntlet | Found a transporter.
 12811 | Gauntlet | Found a transporter.
 12812 | Gauntlet | Found a transporter.
 13033 | Gauntlet | Acquired a +5 broad axe of flaming
 13033 | Gauntlet | Received a gift from Okawaru
 13038 | Gauntlet | Acquired the +7 crystal plate armour of Ozakhiy {Regen+}
 13038 | Gauntlet | Received a gift from Okawaru
 13086 | Gauntlet | Reached skill level 5 in Throwing
 13090 | Gauntlet | Identified the +0 pair of boots "Zacehoje" {+Blink rElec
                  | Str-4 Int+4}
 13136 | Gauntlet | Identified the +5 ring mail of the Bruised Souls {rN+ Will+
                  | Int-4}
 13136 | Gauntlet | Noticed a minotaur
 13147 | Gauntlet | Killed a minotaur
 13147 | Gauntlet | Received a gift from Okawaru
 13148 | Gauntlet | Reached skill level 5 in Invocations
 13167 | Gauntlet | Identified the +6 dagger "Utzophen" {flame, Fly rN+ Will+
                  | Str+3}
 13213 | Lair:2   | Reached skill level 15 in Axes
 13397 | Lair:2   | Noticed Erica
 13404 | Lair:2   | Killed Erica
 13724 | Lair:3   | Noticed a death yak
 13725 | Lair:3   | Noticed a death yak
 13726 | Lair:3   | Noticed a death yak
 13736 | Lair:3   | Killed a death yak
 13736 | Lair:3   | Noticed a death yak
 13737 | Lair:3   | Killed a death yak
 13737 | Lair:3   | Received a gift from Okawaru
 13748 | Lair:3   | Killed a death yak
 13753 | Lair:3   | Killed a death yak
 13843 | Lair:3   | Reached XP level 13. HP: 109/117 MP: 14/16
 14017 | Lair:3   | Found a staircase to the Snake Pit.
 14203 | Lair:3   | Noticed Kirke
 14221 | Lair:3   | Killed Kirke
 14222 | Lair:3   | Reached skill level 16 in Axes
 14376 | Lair:3   | Found a staircase to the Swamp.
 14700 | Lair:4   | Received a gift from Okawaru
 14887 | Lair:4   | Found a transporter.
 14896 | Lair:4   | Noticed Nessos
 14913 | Lair:4   | Killed Nessos
 15219 | Lair:4   | Found a transporter.
 15240 | Lair:4   | Noticed Peaxtag's ghost (journeyman AtMo)
 15463 | Lair:4   | Killed Peaxtag's ghost
 15610 | Lair:5   | Entered Level 5 of the Lair of Beasts
 15632 | Lair:5   | Received a gift from Okawaru
 15742 | Lair:5   | Reached skill level 17 in Axes
 15859 | Lair:5   | Received a gift from Okawaru
 15977 | Lair:5   | Reached XP level 14. HP: 122/129 MP: 16/18
 16141 | Lair:5   | Received a gift from Okawaru
 16200 | Lair:5   | Found a large runed translucent door.
 16200 | Lair:5   | Found a large runed translucent door.
 16485 | Lair:5   | Found a viscous altar of Jiyva.
 16486 | Lair:5   | Found a staircase to the Slime Pits.
 17077 | D:12     | Found a staircase to the Orcish Mines.
 17312 | D:12     | Received a gift from Okawaru
 17885 | D:13     | Identified the +8 chain mail of the Sharp God {rPois rC+}
 17997 | D:13     | Reached skill level 18 in Axes
 18094 | D:13     | Noticed Josephine
 18106 | D:13     | Killed Josephine
 18204 | D:13     | Found an ornate altar of the Wu Jian Council.
 18378 | D:13     | Found a gate to the Vaults.
 18926 | D:14     | Received a gift from Okawaru
 19370 | D:14     | Found a large runed translucent door.
 19376 | D:14     | Found a large runed translucent door.
 19532 | D:14     | Received a gift from Okawaru
 19936 | D:15     | Entered Level 15 of the Dungeon
 19954 | D:15     | Reached XP level 15. HP: 139/139 MP: 20/20
 20062 | D:15     | Found a snail-covered altar of Cheibriados.
 20191 | D:15     | Received a gift from Okawaru
 20461 | D:15     | Got the Compendium of the Gloomy Tesseract
 20513 | D:15     | Received a gift from Okawaru
 20924 | D:15     | Reached skill level 15 in Fighting
 20927 | D:15     | Found a staircase to the Depths.
 21062 | Orc:1    | Entered Level 1 of the Orcish Mines
 21065 | Orc:1    | Noticed Fannar
 21074 | Orc:1    | Reached skill level 15 in Armour
 21094 | Orc:1    | Reached skill level 10 in Invocations
 21100 | Orc:1    | Killed Fannar
 21204 | Orc:2    | Entered Level 2 of the Orcish Mines
 21212 | Orc:2    | Reached skill level 15 in Shields
 21330 | Orc:2    | Found a staircase to the Elven Halls.
 21429 | Orc:2    | Received a gift from Okawaru
 21477 | Orc:2    | Found Buini's Distillery.
 21477 | Orc:2    | Found Nurhe's Antique Armour Emporium.
 21477 | Orc:2    | Found Emeedd's Assorted Antiques.
 21556 | Orc:2    | Found Ajaekh's Antique Weapon Emporium.
 21950 | Orc:1    | You fall into a shaft and drop 1 floor!
 22295 | Elf:1    | Entered Level 1 of the Elven Halls
 22509 | Elf:1    | Received a gift from Okawaru
 22711 | Elf:1    | Identified the +1 robe "Julimevi" {Rampage Fly Will++
                  | Dex-3}
 22726 | Elf:1    | Paralysed by an air elemental for 1 turns
 22745 | Elf:1    | Found Sufogahe's Jewellery Boutique.
 22935 | Elf:1    | Reached XP level 16. HP: 122/151 MP: 16/22
 23186 | Elf:1    | Received a gift from Okawaru
 23276 | Elf:1    | Found a roughly hewn altar of Beogh.
 23298 | Elf:1    | Found a corrupted altar of Lugonu.
 23526 | Elf:2    | Reached skill level 1 in Dodging
 23548 | Elf:2    | Reached skill level 1 in Evocations
 23889 | Elf:2    | Received a gift from Okawaru
 23948 | Elf:2    | Found a runed translucent gate.
 23948 | Elf:2    | Found a runed translucent gate.
 23949 | Elf:2    | Found a runed translucent gate.
 24058 | Elf:2    | Identified a scroll of acquirement
 24344 | Elf:2    | Noticed Norris
 24377 | Abyss:3  | Cast into level 3 of the Abyss (+0 glaive of distortion)
 24423 | Elf:2    | Escaped the Abyss
 24439 | Elf:2    | HP: 2/154 [deep elf pyromancer/bolt of fire (15)]
 24554 | Elf:2    | Noticed a deep elf blademaster
 24564 | Elf:2    | Killed Norris
 24577 | Elf:2    | Received a gift from Okawaru
 24582 | Elf:2    | Killed a deep elf blademaster
 24589 | Elf:2    | Slain by a +1 glaive of venom

Illustrated notes

Levels and vault maps discovered:
D:1:      sevenhm_arrival_forest_fort_small_6, layout_basic,
          hellmonk_ecumenical_altar_pennies_from_heaven,
          minmay_misc_feat_rugged, minmay_vboxes
D:2:      layout_basic, basic_altar
D:3:      layout_loops_cross, grunt_temple_overflow_opulence,
          general_overflow_altar, mainiacjoe_overflow_swirl
D:4:      layout_cave_pools, gup_sewer_entry_spiral, minmay_goblin_outpost,
          uniq_sigmund
D:5:      layout_rooms, minmay_temple_entry_wispy, nicolae_underground_beach
D:6:      layout_loops_ring, supply_closet_lemuel
D:7:      layout_loops_cross, mainiacjoe_overflow_concentric_impassable,
          kennysheep_generic_room_13, uniq_maggie, uniq_pikel, uniq_menkaure
D:8:      layout_basic
D:9:      layout_rooms, david_lair_shrubbed
D:10:     lemuel_ice_spiral_2, layout_basic, nrook_mini_vaults
D:11:     layout_loops_corners, uniq_snorg, uniq_nergalle
D:12:     layout_basic, david_orc_4
D:13:     layout_loops_corners, david_vaults_4, nicolae_wu_jian_glorious_leap,
          uniq_josephine
D:14:     doesnt_quadruple_sword, layout_long_grid, serial_park_fountain
D:15:     grunt_enter_depths_snipers, layout_basic, nrook_pool_corridor,
          chequers_decorated_corner, cheibriados_altar_2
Temple:   nicolae_temple_elliptical
Lair:1:   layout_small_grid, grunt_megastairs_2, lemuel_fruit_fields
Lair:2:   layout_gridlike, gauntlet_entry_generic, infiniplex_staircase_pool,
          uniq_erica
Lair:3:   layout_misc_corridors, nicolae_swamp_entry_splash_gauntlet,
          minmay_snake_entry_guardpost_medium, disabler_island, uniq_kirke
Lair:4:   layout_regular_city, gammafunk_ghost_hive, uniq_nessos
Lair:5:   cheibrodos_lair_end_hotspot, layout_long_grid, slime_entry_2
Orc:1:    layout_diamond_mine, uniq_fannar
Orc:2:    st_orc_mages, layout_caves
Elf:1:    elf_arrival_001, layout_loops_cross, serial_shops,
          nicolae_shop_real_fake_doors, nicolae_elf_theology_debate,
          minmay_misc_feat_ornament, dreamdust_princess_bridge,
          dk_noncrumbling_3
Elf:2:    elven_hall_of_blades_hangedman_original
          [nicolae_blade_entry_sentries_behind_glass], layout_geoelf_diagonals,
          hex_tiny, nrook_loot_triangle, lemuel_elevator, uniq_zenata,
          uniq_norris

Skill      XL: |  1  2  3  4  5  6  7  8  9 10 11 12 13 14 15 16 |
---------------+-------------------------------------------------+-----
Axes           | 3 4 5 6 7 9 11 12 14 15 17 18 | 18.0
Fighting       | 4 5 6 7 8 9 10 11 13 14 16 17 | 17.0
Shields        | 4 5 6 7 8 9 10 11 12 14 15 16 | 16.7
Armour         | 4 5 6 7 8 9 10 11 12 14 15 16 | 16.8
Throwing       | 2 4 5 6 |  6.3
Invocations    | 2 4 5 7 9 10 | 10.6
Dodging        | 3 |  3.9
Evocations     | 3 |  3.1

Action                     |  1- 3 |  4- 6 |  7- 9 | 10-12 | 13-15 | 16-18 || total
---------------------------+-------+-------+-------+-------+-------+-------++-------
  Melee: War axe           |    62 |    23 |       |       |       |       ||    85
         Headbutt          |     8 |     5 |    41 |   107 |   196 |    42 ||   399
         Hand axe          |       |    63 |   299 |   446 |       |       ||   808
         Broad axe         |       |       |       |   106 |   837 |   260 ||  1203
  Throw: Boomerang         |       |       |       |     1 |     1 |       ||     2
         Javelin           |       |       |       |       |       |    16 ||    16
 Invoke: Heroism           |       |       |       |     4 |     4 |     1 ||     9
         Finesse           |       |       |       |     4 |     2 |       ||     6
         Receive Weapon    |       |       |       |     1 |       |       ||     1
         Receive Armour    |       |       |       |     1 |       |       ||     1
Ability: Evoke Blink       |       |       |       |       |     1 |       ||     1
  Evoke: Wand              |       |       |       |       |       |     1 ||     1
    Use: Scroll            |     1 |     1 |    10 |    12 |     5 |     3 ||    32
         Potion            |       |       |       |     1 |       |     5 ||     6
 Armour: Scale mail        |    45 |    10 |       |       |       |       ||    55
         Ring mail         |       |    18 |   202 |   210 |       |       ||   430
         Crystal plate arm |       |       |       |    90 |   751 |   253 ||  1094
         Plate armour      |       |       |       |    52 |       |       ||    52
  Dodge: Dodged            |    26 |    50 |   117 |   139 |    89 |    34 ||   455
         Repelled          |       |       |       |       |    30 |    38 ||    68
  Block: Buckler           |    14 |    19 |    71 |   117 |   173 |       ||   394
         Kite shield       |       |       |       |       |   275 |   167 ||   442

Table legend: (Time is in decaauts)
 A = Elapsed time spent in this place.
 B = Non-inter-level travel time spent in this place.
 C = Inter-level travel time spent in this place.
 D = Time resting spent in this place.
 E = Time spent auto-exploring this place.
 F = Levels seen in this place.
 G = Mean time per level.
                   A        B        C        D        E       F      G
               +--------+--------+--------+--------+--------+-----+--------+
         Total |  24406 |  22628 |   1778 |   1495 |  16659 |  28 |  871.6 |
       Dungeon |  15125 |  13804 |   1321 |    921 |  10748 |  15 | 1008.3 |
        Temple |     41 |      1 |     40 |      0 |      0 |   1 |   41.0 |
          Lair |   4641 |   4345 |    296 |    207 |   3149 |   5 |  928.2 |
  Orcish Mines |   1189 |   1073 |    116 |      0 |    867 |   2 |  594.5 |
   Elven Halls |   2172 |   2168 |      4 |    294 |   1158 |   2 | 1086.0 |
         Abyss |     44 |     44 |      0 |      0 |      0 |   1 |   44.0 |
         Sewer |    688 |    688 |      0 |      0 |    530 |   1 |  688.0 |
      Gauntlet |    503 |    503 |      0 |     72 |    206 |   1 |  503.0 |
               +--------+--------+--------+--------+--------+-----+--------+

Top non-repeatable levels by time:
    D:11: 2105 daAuts
     D:9: 1224 daAuts
    D:13: 1204 daAuts
     D:2: 1144 daAuts
   Elf:1: 1136 daAuts
  Lair:4: 1063 daAuts
  Lair:5: 1060 daAuts
    D:12: 1053 daAuts
    D:10: 1042 daAuts
    D:15: 1042 daAuts
   Elf:2: 1036 daAuts
  Lair:1: 992 daAuts
     D:7: 911 daAuts
     D:1: 902 daAuts
  Lair:3: 832 daAuts
